 Dungeon Crawl Stone Soup version 0.30.1-3-gfc49f6343a (webtiles) character file.

Game seed: 3552663026172515368

225 Pepete the Firebug (level 6, -1/32 HPs)
             Began as a Gargoyle Fire Elementalist on July 27, 2023.
             Killed by divine providence
             ... invoked by an orc priest
              (12 damage)
             ... on level 4 of the Dungeon.
             The game lasted 00:03:04 (5186 turns).

Pepete the Firebug (Gargoyle Fire Elementalist)     Turns: 5186, Time: 00:03:05

Health: -1/32      AC:  8    Str: 11    XL:     6   Next: 1%
Magic:  0/10       EV: 12    Int: 18    God:
Gold:   201        SH:  0    Dex: 22    Spells: 8/11 levels left

rFire   . . .        h - +1 war axe (freeze)
rCold   . . .        (no shield)
rNeg    + . .        a - +0 robe
rPois   ∞            (no helmet)
rElec   +            k - +0 cloak
rCorr   .            m - +0 pair of gloves
SInv    .            (no boots)
Will    .....        (no amulet)
Stlth   +            f - +6 ring of dexterity
HPRegen 0.25/turn    i - +6 ring of dexterity
MPRegen 0.12/turn

%: no passive effects
@: confused
A: sickness immunity, AC +4, negative energy resistance 1, electricity
resistance, torment resistance 1, petrification resistance
a: no special abilities


You were on level 4 of the Dungeon.
You visited 1 branch of the dungeon, and saw 4 of its levels.

You collected 201 gold pieces.

Inventory:

Hand Weapons
 h - a +1 war axe of freezing (weapon)
Armour
 a - a +0 robe (worn)
 k - a +0 cloak (worn)
 m - a +0 pair of gloves (worn)
Jewellery
 f - a +6 ring of dexterity (left hand)
 i - a +6 ring of dexterity (right hand)
Scrolls
 c - 4 scrolls of teleportation {unknown}
 e - a scroll of butterflies {unknown}
 g - 2 scrolls of magic mapping {unknown}
 n - a scroll of torment {unknown}
 o - a scroll of immolation {unknown}
 p - a scroll of identify {unknown}
Potions
 b - a potion of magic
 d - 4 potions of lignification {unknown}
 j - a potion of mutation {unknown}
 l - a potion of curing {unknown}


   Skills:
 * Level 0.2 Fighting
 - Level 1.5 Dodging
 - Level 2.1 Stealth
 + Level 3.2 Spellcasting
 + Level 3.1 Conjurations
 * Level 2.4 Summonings
 + Level 4.0 Fire Magic


You had 8 spell levels left.
You knew the following spells:

 Your Spells              Type           Power      Damage    Failure   Level
a - Foxfire               Conj/Fire      60%        2x1d7     3%          1
b - Scorch                Fire           34%        2d6       4%          2

Your spell library contained the following spells:

 Spells                   Type           Power      Damage    Failure   Level
 Inner Flame              Hex/Fire       10%        N/A       22%         3
 Volatile Blastmotes      Fire/Tloc      20%        2d11      22%         3
 Poisonous Vapours        Pois/Air       4%         N/A       24%         2
 Mephitic Cloud           Conj/Pois/Air  6%         N/A       30%         3
 Flame Wave               Conj/Fire      15%        2d7       36%         4
 Sticky Flame             Conj/Fire      15%        2d4       36%         4
 Manifold Assault         Tloc           2%         N/A       85%         4
 Summon Forest            Summ/Tloc      3%         N/A       95%         5
 Freezing Cloud           Conj/Ice/Air   3%         6-21      96%         5
 Dispersal                Tloc           1%         N/A       100%        6
 Eringya's Noxious Bog    Tmut/Pois      1%         N/A       100%        6
 Summon Hydra             Summ           5%         N/A       100%        7
 Disjunction              Tloc           1%         N/A       100%        8


Dungeon Overview and Level Annotations

Branches:
Dungeon (4/15)
 Temple: D:4-7

Altars:


Innate Abilities, Weirdness & Mutations

You are immune to sickness and miasma.
Your stone body is resilient. (AC +4)
You are immune to poison.
You resist negative energy. (rN+)
You are resistant to electric shocks. (rElec)
You are resistant to unholy torment.
You are immune to petrification.


Message History

You kill the orc!
The foxfire hits the orc priest but does no damage.
An orc wizard comes into view. It is wielding a +0 dagger.
You conjure some foxfire!
The foxfire hits the orc.
The orc is heavily wounded.
The foxfire hits the orc.
You kill the orc!
The foxfire hits the orc.
The orc is almost dead.
The foxfire hits the orc.
You kill the orc!
The orc priest mumbles some strange prayers to Beogh against you.
Pain shoots through your body!
You have reached level 6!
The orc wizard gestures wildly while chanting.
The orc wizard flickers and vanishes!
Deactivating autopickup; reactivate with Ctrl-A.
The orc priest casts a cantrip, but nothing happens.
Casting: Foxfire (safe; 3% risk of failure)
Confirm with . or Enter, or press ? or * to list all spells.
You conjure some foxfire!
The foxfire hits the orc priest.
The orc priest is lightly wounded.
The foxfire hits the orc priest.
The orc priest is moderately wounded.
Casting: Foxfire (safe; 3% risk of failure)
Confirm with . or Enter, or press ? or * to list all spells.
You conjure some foxfire!
The foxfire hits the orc priest.
The orc priest is moderately wounded.
The foxfire hits the orc priest.
The orc priest is heavily wounded.
You are confused.
The orc priest invokes the aid of Beogh against you.
Beogh smites you!
You hear some strange, mumbled words.
Something tries to affect you, but you resist.
The orc priest mumbles some strange prayers to Beogh against you.
Beogh smites you!
You die...

###..##............
##.##............
#.##............
#.............##.
#####...........
##..o{.....#
#........÷.####
#.............#
#....@........#
#.............#
#......)......#
##........#####
##..<...## ########


You could see an orc priest.

Vanquished Creatures
  A water moccasin (D:4)
  A scorpion (D:4)
  An ufetubus (D:4)
  A worm (D:3)
  A dart slug (D:4)
  4 orcs (D:4)
  3 bats
  An endoplasm (D:2)
  5 goblins
  8 hobgoblins
  3 jackals (D:3)
  6 kobolds
  3 quokkas
  3 ball pythons
  5 frilled lizards
  3 rats
49 creatures vanquished.

Vanquished Creatures (others)
  235 foxfires
235 creatures vanquished.

Grand Total: 284 creatures vanquished

Notes
Turn   | Place    | Note
-------+----------+-------------------------------------------
     0 | D:1      | Pepete the Gargoyle Fire Elementalist began the quest for
                  | the Orb.
     0 | D:1      | Reached XP level 1. HP: 10/10 MP: 3/3
   713 | D:1      | Reached XP level 2. HP: 15/15 MP: 1/5
  2476 | D:2      | Reached XP level 3. HP: 19/19 MP: 1/6
  3117 | D:3      | Learned a level 2 spell: Scorch
  4425 | D:4      | Noticed a water moccasin
  4432 | D:4      | Killed a water moccasin
  4433 | D:4      | Reached skill level 1 in Summonings
  4433 | D:4      | Reached XP level 4. HP: 17/24 MP: 0/8
  4433 | D:4      | Reached XP level 5. HP: 20/28 MP: 0/9
  4625 | D:4      | Reached skill level 4 in Fire Magic
  5166 | D:4      | Reached XP level 6. HP: 16/32 MP: 0/10
  5186 | D:4      | Killed from afar by an orc priest

Illustrated notes

Levels and vault maps discovered:
D:1:      lemuel_arrival_broad_hall, layout_loops_cross, hex_tiny
D:2:      layout_basic
D:3:      layout_loops_ring
D:4:      layout_rooms, minmay_temple_entry_large_hall,
          chequers_decorated_corner, hellmonk_guarded_unrand_hermit, uniq_robin

Skill      XL: |  1  2  3  4  5 |
---------------+----------------+-----
Conjurations   | 2 3 |  3.1
Spellcasting   | 3 |  3.2
Summonings     | 1 2 |  2.4
Fire Magic     | 4 |  4.0
Fighting       | |  0.2
Dodging        | |  1.5
Stealth        | |  2.1

Action                     |  1- 3 |  4- 6 || total
---------------------------+-------+-------++-------
  Melee: Unarmed           |     4 |       ||     4
         War axe           |    11 |     2 ||    13
   Cast: Foxfire           |   123 |    27 ||   150
         Scorch            |     2 |     1 ||     3
 Armour: Robe              |     8 |     1 ||     9
  Dodge: Dodged            |    17 |       ||    17
